| TOP OF THE 1ST |
|
Albuquerque Dukes batting - Pitching for El Paso Chihuahuas : RHP Dale Brown
|
|
Pitching: RHP Dale Brown
|
|
|
Batting: LHB Andres Romero
|
0-0: Ball 1-0: Foul Ball, location: 2F 1-1: Swinging Strike 1-2: Ball 2-2: Ball 3-2: Fly out, F7 (Flyball, 7, EV 80.0 MPH)
|
|
Batting: RHB Steven Patterson
|
0-0: Ball 1-0: Called Strike 1-1: Ground out 4-3 (Groundball, 34, EV 83.8 MPH)
|
|
Batting: LHB Dave Yobs
|
0-0: Ball 1-0: Swinging Strike 1-1: Ball 2-1: Foul Ball, location: 2F 2-2: SINGLE (Line Drive, 8RS, EV 85.6 MPH)
|
|
Batting: RHB George Foussianes
|
0-0: Swinging Strike 0-1: Ball 1-1: Swinging Strike 1-2: Strikes out swinging
|
| Top of the 1st over - 0 runs, 1 hit, 0 errors, 1 left on base; Albuquerque 0 - El Paso 0 |
| BOTTOM OF THE 1ST |
|
El Paso Chihuahuas batting - Pitching for Albuquerque Dukes : RHP Brad Lesley
|
|
Pitching: RHP Brad Lesley
|
|
|
Batting: LHB Andy Van Slyke
|
0-0: Fly out, F6 (Flyball, 56D, EV 77.5 MPH)
|
|
Batting: RHB Julio Acevedo
|
0-0: Reached on error, E6 (Groundball, 56, EV 99.4 MPH)
|
|
Batting: RHB Jesse Vann
|
0-0: Ball 1-0: Foul Ball, location: 2F 1-1: Ball 2-1: Swinging Strike 2-2: Ball 3-2: Base on Balls Julio Acevedo to second
|
|
Batting: RHB Steven Murray
|
0-0: Foul Ball, location: 2F 0-1: Ball 1-1: Ball 2-1: Ball 3-1: Base on Balls Julio Acevedo to third Jesse Vann to second
|
|
Batting: LHB Dan Murphy
|
0-0: Fly out, F5 (Line Drive, 5, EV 74.4 MPH)
|
|
Batting: RHB Leo George
|
0-0: Ball 1-0: Ball 2-0: Foul Ball, location: 2F 2-1: Ball 3-1: Called Strike 3-2: Foul Ball, location: 2F 3-2: Foul Ball, location: 2F 3-2: DOUBLE (Flyball, 8RXD, EV 102.5 MPH) Julio Acevedo scores Jesse Vann scores Steven Murray to third Steven Murray scores
|
|
Batting: RHB Stine Poole
|
0-0: Ball 1-0: Swinging Strike 1-1: Ball 2-1: Swinging Strike 2-2: Fly out, F8 (Flyball, 8RD, EV 104.4 MPH)
|
| Bottom of the 1st over - 3 runs, 1 hit, 1 error, 1 left on base; Albuquerque 0 - El Paso 3 |
| TOP OF THE 2ND |
|
Albuquerque Dukes batting - Pitching for El Paso Chihuahuas : RHP Dale Brown
|
|
Batting: LHB Matthew Henderson
|
0-0: Ball 1-0: Foul Ball, location: 2F 1-1: Called Strike 1-2: Foul Ball, location: 2F 1-2: Foul Ball, location: 2F 1-2: Strikes out looking
|
|
Batting: RHB James Oros
|
0-0: Foul Ball, location: 2F 0-1: Fly out, F8 (Flyball, 8RM, EV 93.1 MPH)
|
|
Batting: LHB John Elder
|
0-0: Called Strike 0-1: Fly out, F9 (Flyball, 9LM, EV 93.1 MPH)
|
| Top of the 2nd over - 0 runs, 0 hits, 0 errors, 0 left on base; Albuquerque 0 - El Paso 3 |
| BOTTOM OF THE 2ND |
|
El Paso Chihuahuas batting - Pitching for Albuquerque Dukes : RHP Brad Lesley
|
|
Batting: RHB William Parmenter
|
0-0: Called Strike 0-1: Ball 1-1: Ball 2-1: Foul Ball, location: 2F 2-2: Ball 3-2: Base on Balls
|
|
Batting: RHB Cliff Wherry
|
0-0: Called Strike 0-1: Fielders Choice at 2nd, 1-4 (Groundball, 15S, EV 68.1 MPH)
|
|
Batting: LHB Andy Van Slyke
|
0-0: Called Strike 0-1: Ball 1-1: Ball 2-1: Fly out, F7 (Flyball, 78M, EV 80.6 MPH)
|
|
Batting: RHB Julio Acevedo
|
0-0: Ball 1-0: Ball 2-0: Swinging Strike 2-1: Reached on error, E5 (Groundball, 56, EV 85.6 MPH) Cliff Wherry to second
|
|
Batting: RHB Jesse Vann
|
0-0: Called Strike 0-1: Foul Ball, location: 2F 0-2: Ground out 4-3 (Groundball, 4, EV 83.8 MPH)
|
| Bottom of the 2nd over - 0 runs, 0 hits, 1 error, 2 left on base; Albuquerque 0 - El Paso 3 |
| TOP OF THE 3RD |
|
Albuquerque Dukes batting - Pitching for El Paso Chihuahuas : RHP Dale Brown
|
|
Batting: RHB Jim Smith
|
0-0: Called Strike 0-1: Ball 1-1: Ball 2-1: Foul Ball, location: 2F 2-2: Foul Ball, location: 2F 2-2: SINGLE (Line Drive, 7S, EV 93.1 MPH)
|
|
Batting: RHB Michael Williams
|
0-0: Ball 1-0: Ball 2-0: Ball 3-0: Base on Balls Jim Smith to second
|
|
Batting: LHB Andres Romero
|
0-0: Swinging Strike 0-1: Swinging Strike 0-2: Foul Ball, location: 2F 0-2: Foul Ball, location: 2F 0-2: Foul Ball, location: 2F 0-2: Strikes out swinging
|
|
Batting: RHB Steven Patterson
|
0-0: Called Strike 0-1: Ball 1-1: Called Strike 1-2: Ball 2-2: Ball 3-2: Grounds into double play, 4-6-3 (Groundball, 4M, EV 104.4 MPH)
|
| Top of the 3rd over - 0 runs, 1 hit, 0 errors, 1 left on base; Albuquerque 0 - El Paso 3 |
| BOTTOM OF THE 3RD |
|
El Paso Chihuahuas batting - Pitching for Albuquerque Dukes : RHP Brad Lesley
|
|
Batting: RHB Steven Murray
|
0-0: Called Strike 0-1: Ground out 5-3 (Groundball, 56, EV 86.9 MPH)
|
|
Batting: LHB Dan Murphy
|
0-0: Fly out, F8 (Flyball, 8RD, EV 97.5 MPH)
|
|
Batting: RHB Leo George
|
0-0: Called Strike 0-1: Ball 1-1: Swinging Strike 1-2: Fly out, F8 (Flyball, 8LD, EV 100.0 MPH)
|
| Bottom of the 3rd over - 0 runs, 0 hits, 0 errors, 0 left on base; Albuquerque 0 - El Paso 3 |
| TOP OF THE 4TH |
|
Albuquerque Dukes batting - Pitching for El Paso Chihuahuas : RHP Dale Brown
|
|
Batting: LHB Dave Yobs
|
0-0: Ground out 4-3 (Groundball, 4, EV 102.5 MPH)
|
|
Batting: RHB George Foussianes
|
0-0: Foul Ball, location: 2F 0-1: Foul Ball, location: 2F 0-2: Ball 1-2: Ball 2-2: Strikes out swinging
|
|
Batting: LHB Matthew Henderson
|
0-0: Called Strike 0-1: Foul Ball, location: 2F 0-2: Ground out 6-3 (Groundball, 56, EV 89.4 MPH)
|
| Top of the 4th over - 0 runs, 0 hits, 0 errors, 0 left on base; Albuquerque 0 - El Paso 3 |
| BOTTOM OF THE 4TH |
|
El Paso Chihuahuas batting - Pitching for Albuquerque Dukes : RHP Brad Lesley
|
|
Batting: RHB Stine Poole
|
0-0: Foul Ball, location: 2F 0-1: Ball 1-1: Ball 2-1: Ball 3-1: Fly out, F8 (Line Drive, 8RD, EV 96.3 MPH)
|
|
Batting: RHB William Parmenter
|
0-0: Called Strike 0-1: Called Strike 0-2: Ball 1-2: Strikes out swinging
|
|
Batting: RHB Cliff Wherry
|
0-0: Ball 1-0: Foul Ball, location: 2F 1-1: Foul Ball, location: 2F 1-2: Ball 2-2: Fly out, F4 (Line Drive, 4, EV 65.6 MPH)
|
| Bottom of the 4th over - 0 runs, 0 hits, 0 errors, 0 left on base; Albuquerque 0 - El Paso 3 |
| TOP OF THE 5TH |
|
Albuquerque Dukes batting - Pitching for El Paso Chihuahuas : RHP Dale Brown
|
|
Batting: RHB James Oros
|
0-0: Ball 1-0: Called Strike 1-1: Called Strike 1-2: Ball 2-2: Strikes out looking
|
|
Batting: LHB John Elder
|
0-0: Ball 1-0: Foul Ball, location: 2F 1-1: Ball 2-1: Swinging Strike 2-2: Fly out, F6 (Flyball, 5D, EV 91.9 MPH)
|
|
Batting: RHB Jim Smith
|
0-0: SINGLE (Line Drive, 6D, EV 97.5 MPH)
|
|
Batting: RHB Michael Williams
|
0-0: Ball 1-0: Ball 2-0: Ball Wild Pitch! Jim Smith to second 3-0: Called Strike 3-1: Base on Balls
|
|
Batting: LHB Andres Romero
|
0-0: Ball 1-0: Ball 2-0: Ball 3-0: Called Strike 3-1: Foul Ball, location: 2F 3-2: Ground out 6-3 (Groundball, 6MS, EV 86.3 MPH)
|
| Top of the 5th over - 0 runs, 1 hit, 0 errors, 2 left on base; Albuquerque 0 - El Paso 3 |
| BOTTOM OF THE 5TH |
|
El Paso Chihuahuas batting - Pitching for Albuquerque Dukes : RHP Brad Lesley
|
|
Batting: LHB Andy Van Slyke
|
0-0: Ball 1-0: Swinging Strike 1-1: Foul Ball, location: 2F 1-2: Ball 2-2: DOUBLE (Flyball, 8LXD, EV 90.6 MPH)
|
|
Batting: RHB Julio Acevedo
|
0-0: Ground out 5-3 (Groundball, 56, EV 101.3 MPH)
|
|
Batting: RHB Jesse Vann
|
0-0: Foul Ball, location: 2F 0-1: Ball 1-1: Ball Wild Pitch! Andy Van Slyke to third 2-1: 2-RUN HOME RUN (Flyball, 7D, EV 93.8 MPH), Distance : 387 ft
|
|
Batting: RHB Steven Murray
|
0-0: Foul Ball, location: 2F 0-1: Foul Ball, location: 2F 0-2: Ball 1-2: Ball 2-2: Foul Ball, location: 2F 2-2: Foul Ball, location: 2F 2-2: Foul Ball, location: 2F 2-2: Strikes out swinging
|
|
Batting: LHB Dan Murphy
|
0-0: Swinging Strike 0-1: Ball 1-1: Called Strike 1-2: Strikes out looking
|
| Bottom of the 5th over - 2 runs, 2 hits, 0 errors, 0 left on base; Albuquerque 0 - El Paso 5 |
| TOP OF THE 6TH |
|
Albuquerque Dukes batting - Pitching for El Paso Chihuahuas : RHP Dale Brown
|
|
Batting: RHB Steven Patterson
|
0-0: Called Strike 0-1: Swinging Strike 0-2: Ball 1-2: Ground out 5-3 (Groundball, 56S, EV 81.3 MPH)
|
|
Batting: LHB Dave Yobs
|
0-0: Called Strike 0-1: Ball 1-1: Foul Ball, location: 2F 1-2: Foul Ball, location: 2F 1-2: SINGLE (Flyball, 5D, EV 95.6 MPH)
|
|
Batting: RHB George Foussianes
|
0-0: Called Strike 0-1: SINGLE (Line Drive, 7S, EV 98.1 MPH) Dave Yobs to second
|
|
Batting: LHB Matthew Henderson
|
0-0: Fielders Choice at 2nd, 6-4 (Groundball, 6, EV 105.6 MPH) Dave Yobs to third
|
|
Batting: RHB James Oros
|
0-0: Called Strike 0-1: Called Strike 0-2: Ball 1-2: Ball 2-2: Ball 3-2: Foul Ball, location: 2F 3-2: Foul Ball, location: 2F 3-2: Base on Balls Matthew Henderson to second
|
|
Batting: LHB John Elder
|
0-0: Ball 1-0: Ground out 4-3 (Groundball, 4, EV 89.4 MPH)
|
| Top of the 6th over - 0 runs, 2 hits, 0 errors, 3 left on base; Albuquerque 0 - El Paso 5 |
| BOTTOM OF THE 6TH |
|
El Paso Chihuahuas batting - Pitching for Albuquerque Dukes : RHP Brad Lesley
|
|
Batting: RHB Leo George
|
0-0: Ball 1-0: Foul Ball, location: 2F 1-1: Foul Ball, location: 2F 1-2: Strikes out swinging
|
|
Batting: RHB Stine Poole
|
0-0: Called Strike 0-1: Foul Ball, location: 2F 0-2: Ball 1-2: Foul Ball, location: 2F 1-2: Foul Ball, location: 2F 1-2: Fly out, F3 (Popup, 3F, EV 64.4 MPH)
|
|
Batting: RHB William Parmenter
|
0-0: Foul Ball, location: 2F 0-1: Swinging Strike 0-2: Ball 1-2: Ball 2-2: Strikes out swinging
|
| Bottom of the 6th over - 0 runs, 0 hits, 0 errors, 0 left on base; Albuquerque 0 - El Paso 5 |
| TOP OF THE 7TH |
|
Albuquerque Dukes batting - Pitching for El Paso Chihuahuas : RHP Dale Brown
|
|
Batting: RHB Jim Smith
|
0-0: Ball 1-0: Ball 2-0: Called Strike 2-1: Ground out 4-3 (Groundball, 4M, EV 83.8 MPH)
|
|
Batting: RHB Michael Williams
|
0-0: Ball 1-0: Ball 2-0: DOUBLE (Groundball, 5L, EV 103.1 MPH)
|
|
Batting: LHB Andres Romero
|
0-0: Ball 1-0: Ball 2-0: Ball 3-0: Called Strike 3-1: Called Strike 3-2: Strikes out looking
|
|
Batting: RHB Steven Patterson
|
0-0: Ball 1-0: Ball 2-0: Called Strike 2-1: Foul Ball, location: 2F 2-2: Ball 3-2: Strikes out swinging
|
| Top of the 7th over - 0 runs, 1 hit, 0 errors, 1 left on base; Albuquerque 0 - El Paso 5 |
| BOTTOM OF THE 7TH |
|
El Paso Chihuahuas batting - Pitching for Albuquerque Dukes : RHP Brad Lesley
|
|
Batting: RHB Cliff Wherry
|
0-0: Ball 1-0: Ball 2-0: Foul Ball, location: 2F 2-1: Swinging Strike 2-2: Fly out, F8 (Flyball, 8LD, EV 96.3 MPH)
|
|
Batting: LHB Andy Van Slyke
|
0-0: Called Strike 0-1: Foul Ball, location: 2F 0-2: Ball 1-2: Fly out, F7 (Line Drive, 7, EV 98.1 MPH)
|
|
Batting: RHB Julio Acevedo
|
0-0: Ball 1-0: Swinging Strike 1-1: Ball 2-1: Foul Ball, location: 2F 2-2: Foul Ball, location: 2F 2-2: Foul Ball, location: 2F 2-2: Ground out 5-3 (Groundball, 56, EV 85.0 MPH)
|
| Bottom of the 7th over - 0 runs, 0 hits, 0 errors, 0 left on base; Albuquerque 0 - El Paso 5 |
| TOP OF THE 8TH |
|
Albuquerque Dukes batting - Pitching for El Paso Chihuahuas : RHP Dale Brown
|
|
Batting: LHB Dave Yobs
|
0-0: Ball 1-0: Ball 2-0: SINGLE (Groundball, 4M, EV 100.6 MPH) (infield hit)
|
|
Batting: RHB George Foussianes
|
0-0: Called Strike 0-1: Foul Ball, location: 2F 0-2: Fly out, F9 (Flyball, 9, EV 72.5 MPH)
|
|
Batting: LHB Matthew Henderson
|
0-0: Called Strike 0-1: Ball 1-1: Ball 2-1: Ball 3-1: Swinging Strike 3-2: DOUBLE (Line Drive, 7LM, EV 108.1 MPH) Dave Yobs to third Runner from 3rd tries for Home, SAFE, throw by LF to home
|
|
Batting: RHB James Oros
|
0-0: Ground out 4-3 (Groundball, 4M, EV 88.1 MPH) Matthew Henderson to third
|
|
Batting: LHB John Elder
|
0-0: Ball 1-0: Ball 2-0: Ball 3-0: Called Strike 3-1: Called Strike 3-2: Foul Ball, location: 2F 3-2: Fly out, F6 (Flyball, 6MD, EV 95.6 MPH)
|
| Top of the 8th over - 1 run, 2 hits, 0 errors, 1 left on base; Albuquerque 1 - El Paso 5 |
| BOTTOM OF THE 8TH |
|
El Paso Chihuahuas batting - Pitching for Albuquerque Dukes : RHP Brad Lesley
|
|
Batting: RHB Jesse Vann
|
0-0: Ground out 6-3 (Groundball, 6S, EV 60.6 MPH)
|
|
Batting: RHB Steven Murray
|
0-0: Called Strike 0-1: Ball 1-1: Ball 2-1: Swinging Strike 2-2: Strikes out looking
|
|
Batting: LHB Dan Murphy
|
0-0: Ball 1-0: Ball 2-0: Ball 3-0: Called Strike 3-1: Base on Balls
|
|
Batting: RHB Leo George
|
0-0: Fielders Choice at 2nd, 5-4 (Groundball, 56, EV 79.4 MPH)
|
| Bottom of the 8th over - 0 runs, 0 hits, 0 errors, 1 left on base; Albuquerque 1 - El Paso 5 |
| TOP OF THE 9TH |
|
Albuquerque Dukes batting - Pitching for El Paso Chihuahuas : RHP Dale Brown
|
|
Batting: RHB Jim Smith
|
0-0: Ball 1-0: Called Strike 1-1: Ball 2-1: Called Strike 2-2: Ball 3-2: Strikes out swinging
|
|
Batting: RHB Michael Williams
|
0-0: Foul Ball, location: 2F 0-1: Called Strike 0-2: Ball 1-2: Foul Ball, location: 2F 1-2: Ball 2-2: Strikes out swinging
|
|
Batting: LHB Andres Romero
|
0-0: Ground out 2-3 (Groundball, 2L, EV 63.8 MPH)
|
| Top of the 9th over - 0 runs, 0 hits, 0 errors, 0 left on base; Albuquerque 1 - El Paso 5 |
|